 Dungeon Crawl Stone Soup version 0.29.1-1-gd02db6906a (console) character file.

Game seed: 11697311140915350727

13132 om the Impaler (level 12, -2/93 HPs)
             Began as a Merfolk Berserker on Sept 30, 2022.
             Was an Elder of Trog.
             Slain by an acid dragon (8 damage)
             ... on level 12 of the Dungeon.
             The game lasted 00:23:32 (14535 turns).

om the Impaler (Merfolk Berserker)                 Turns: 14535, Time: 00:23:32

Health: -2/93      AC: 11    Str: 21    XL:     12   Next: 2%
Magic:  12/12      EV:  8    Int:  7    God:    Trog [****..]
Gold:   647        SH: 21    Dex: 14    Spells: 11/11 levels left

rFire   + . .      SeeInvis .   a - +0 trident
rCold   . . .      Faith    .   x - +0 tower shield
rNeg    . . .      Spirit   .   B - +1 chain mail {rF+}
rPois   +          Reflect  +   (no helmet)
rElec   .          Harm     .   (no cloak)
rCorr   .          Rampage  .   (no gloves)
Will    +....                   (no boots)
Stlth   ..........              d - amulet of reflection
HPRegen 0.25/turn               u - ring of poison resistance
MPRegen 0.13/turn               G - ring of willpower

@: on berserk cooldown, slowed, very slow
A: (nimble swimmer 2), mertail
a: Renounce Religion, Berserk, Trog's Hand, Brothers in Arms


You were on level 12 of the Dungeon.
You worshipped Trog.
Trog was greatly pleased with you.
You visited 1 branch of the dungeon, and saw 12 of its levels.

You collected 647 gold pieces.

Inventory:

Hand Weapons
 a - a +0 trident (weapon)
 b - a +1 trident
Missiles
 f - 2 throwing nets (quivered)
Armour
 t - a +1 chain mail
 x - a +0 tower shield (worn)
 y - +0 steam dragon scales
 B - a +1 chain mail of fire resistance (worn)
Jewellery
 d - an amulet of reflection (around neck)
 g - a ring of magical power
 h - an amulet of the acrobat
 u - a ring of poison resistance (left hand)
 z - the ring of Wiub {Wiz rPois rN+ Will++ Dex-5}
   (You found it on level 9 of the Dungeon)

   [ring of wizardry]

   It improves your spell success rate.
   Dex:       It affects your dexterity (-5).
   rPois:     It protects you from poison.
   rN:        It protects you from negative energy.
   Will:      It greatly increases your willpower.
 E - a +6 ring of dexterity
 G - a ring of willpower (right hand)
Wands
 l - a wand of flame (18)
 r - a wand of charming (13)
 s - a wand of roots (18)
 C - a wand of acid (4)
Scrolls
 c - a scroll of amnesia
 i - 3 scrolls of immolation
 j - 4 scrolls of magic mapping
 o - 2 scrolls of enchant armour
 w - a scroll of poison
 A - a scroll of torment
 F - a scroll of identify
Potions
 e - 2 potions of flight
 k - a potion of heal wounds
 m - 3 potions of might
 n - 2 potions of mutation
 p - 3 potions of curing
 q - 2 potions of lignification
 v - a potion of berserk rage
 D - a potion of resistance


   Skills:
 + Level 8.2 Fighting
 - Level 15.0 Polearms
 - Level 6.0 Armour
 - Level 8.0 Dodging
 - Level 10.0 Shields


You had 11 spell levels left.
You didn't know any spells.
Your spell library was empty.

Dungeon Overview and Level Annotations

Branches:
Dungeon (12/15)            Temple (0/1) D:7            Lair (0/5) D:8
    Orc: D:9-12

Altars:
Ashenzari
Cheibriados
Elyvilon
Hepliaklqana
Nemelex Xobeh
Sif Muna
Uskayaw
Vehumet
The Shining One

Shops:
D:7 (:

Annotations:
D:4 2 transporters, btbam's ghost, amateur MiMo


Innate Abilities, Weirdness & Mutations

((You are very nimble when in or above water. (Stealth+, EV+, Speed+++)))
Your lower body shifts to a powerful aquatic tail in water.


Message History

* * * LOW HITPOINT WARNING * * *
The vampire mosquito draws strength from your injuries!
You block the vampire mosquito's attack.
You barely miss the manticore.
The manticore is almost dead.
The vampire mosquito bites you but does no damage.
The manticore bites you!
* * * LOW HITPOINT WARNING * * *
You block the manticore's attack.
The manticore claws you but does no damage.
You block the vampire mosquito's attack.
You puncture the manticore!
You kill the manticore!
Trog accepts your kill.
You can now call in reinforcements.
You block the vampire mosquito's attack. x2
Training target 10.0 for Shields reached!
Your Shields skill increases to level 10!
You need to enable at least one skill for training.
You have reached level 12!
The vampire mosquito attacks as you move away!
You block the vampire mosquito's attack.
The vampire mosquito attacks as you move away!
The vampire mosquito barely misses you.
You are no longer berserk.
You are exhausted.
You feel yourself slow down.
You block the vampire mosquito's attack.
You fail to use your ability.
The vampire mosquito barely misses you.
You block the vampire mosquito's attack.
The vampire mosquito bites you.
* * * LOW HITPOINT WARNING * * *
The vampire mosquito draws strength from your injuries!
The vampire mosquito barely misses you.
You block the vampire mosquito's attack.
You fail to use your ability.
You block the vampire mosquito's attack.
The vampire mosquito closely misses you.
You block the vampire mosquito's attack. x2
The acid dragon bites you!
You die...

...............
......§§§§......
......≈≈§§§§.....
........≈≈≈§≈§.....
........≈§≈≈§§.....
.........≈≈≈§......
...........†.......
.........yyD...#
..........@...#....
........#....#.....
..#<<.#..## .#..
###.#### .. #.# ##
###


You could see an acid dragon and 2 vampire mosquitoes.

Vanquished Creatures
  2 two-headed ogres
  4 death yaks
  Pikel (D:8)
  A cyclops (D:11)
  An ugly thing (D:11)
  2 manticores
  A guardian serpent (D:11)
  Maggie (D:8)
  Psyche (D:8)
  4 trolls
  A hornet (D:10)
  A wraith (D:11)
  A wyvern (D:9)
  10 yaks (D:11)
  4 vampire mosquitoes
  A steam dragon (D:8)
  An acid dragon (D:8)
  An orc warrior (D:11)
  A sky beast (D:6)
  2 ogres (D:6)
  2 black bears
  7 centaurs
  4 kobold brigands
  A necrophage (D:4)
  3 scorpions
  A bullfrog (D:7)
  5 wights (D:10)
  10 killer bees
  4 howler monkeys
  4 hounds
  3 jellies
  3 orc priests
  A gnoll bouda (D:6)
  4 iguanas
  10 orc wizards
  9 gnolls
  4 adders
  A shadow imp (D:6)
  An ufetubus (D:5)
  3 worms
  6 dart slugs
  36 orcs
  4 endoplasms
  2 giant cockroaches (D:1)
  9 hobgoblins
  6 jackals (D:1)
  19 kobolds
  3 quokkas
  4 ball pythons
  4 bats
  7 goblins
  8 rats
229 creatures vanquished.

Vanquished Creatures (others)
  16 fungi (D:6)
16 creatures vanquished.

Grand Total: 245 creatures vanquished

Notes
Turn   | Place    | Note
-------+----------+-------------------------------------------
     0 | D:1      | om the Merfolk Berserker began the quest for the Orb.
     0 | D:1      | Reached XP level 1. HP: 18/18 MP: 1/1
   202 | D:1      | Reached XP level 2. HP: 22/24 MP: 2/2
   687 | D:1      | Found a faded altar of an unknown god.
   732 | D:1      | Reached XP level 3. HP: 30/30 MP: 3/3
  1389 | D:2      | Reached ** piety under Trog
  1873 | D:2      | Reached XP level 4. HP: 37/37 MP: 4/4
  2337 | D:2      | Reached skill level 5 in Polearms
  2883 | D:3      | Reached XP level 5. HP: 39/42 MP: 5/5
  3505 | D:4      | Reached skill level 6 in Polearms
  3808 | D:4      | Reached XP level 6. HP: 48/48 MP: 6/6
  3810 | D:4      | Reached skill level 7 in Polearms
  3950 | D:4      | Found a snail-covered altar of Cheibriados.
  3960 | D:4      | Reached *** piety under Trog
  4091 | D:4      | Found a transporter.
  4092 | D:4      | Noticed btbam's ghost (amateur MiMo)
  4261 | D:4      | Noticed a black bear
  4272 | D:4      | Killed a black bear
  4273 | D:4      | Reached skill level 8 in Polearms
  4460 | D:4      | Reached XP level 7. HP: 31/54 MP: 7/7
  5181 | D:4      | Found a transporter.
  5206 | D:5      | Entered Level 5 of the Dungeon
  5246 | D:5      | Reached skill level 9 in Polearms
  5472 | D:5      | Found a hazy altar of Hepliaklqana.
  6335 | D:6      | Reached skill level 10 in Polearms
  6377 | D:6      | Found a shimmering blue altar of Sif Muna.
  6457 | D:6      | Reached XP level 8. HP: 47/60 MP: 8/8
  6812 | D:6      | Identified the +0 chain mail of Miracles {Rampage rC- rN+
                  | Regen+}
  7091 | D:6      | Found a broken altar of Ashenzari.
  7169 | D:6      | Reached skill level 5 in Armour
  7251 | D:7      | Found a sparkling altar of Nemelex Xobeh.
  7255 | D:7      | Found a staircase to the Ecumenical Temple.
  7397 | D:7      | HP: 3/91 [kobold brigand/+2 whip of electrocution (11)]
  7400 | D:7      | Reached skill level 5 in Fighting
  7982 | D:7      | Found Orhoet's Weapon Shop.
  8160 | D:7      | Reached skill level 11 in Polearms
  8160 | D:7      | Reached XP level 9. HP: 66/69 MP: 9/9
  8296 | D:7      | Found Sosovuiq's Vocational Training.
  8451 | D:8      | Noticed Maggie
  8470 | D:8      | Killed Maggie
  8471 | D:8      | Noticed Pikel
  8518 | D:8      | Killed Pikel
  8519 | D:8      | Reached skill level 12 in Polearms
  8707 | D:8      | Noticed Psyche
  8716 | D:8      | Killed Psyche
  8781 | D:8      | Noticed a two-headed ogre
  8790 | D:8      | Killed a two-headed ogre
  8791 | D:8      | Reached XP level 10. HP: 76/76 MP: 10/10
  8862 | D:8      | Identified the +1 long sword "Icrostei" {spect, rCorr Str-2
                  | Int+4}
  8932 | D:8      | Noticed a death yak
  8947 | D:8      | Found a staircase to the Lair.
  8947 | D:8      | Noticed a death yak
  8959 | D:8      | Noticed a death yak
  8962 | D:8      | Noticed a death yak
  8969 | D:8      | Killed a death yak
  8970 | D:8      | Reached skill level 5 in Shields
  8983 | D:8      | Killed a death yak
  9008 | D:8      | Killed a death yak
  9021 | D:7      | HP: 4/80 [killer bee (4)]
  9427 | D:7      | Killed a death yak
  9672 | D:8      | Reached skill level 13 in Polearms
 10113 | D:8      | Reached **** piety under Trog
 10797 | D:9      | Noticed a two-headed ogre
 10809 | D:9      | Killed a two-headed ogre
 10810 | D:9      | Reached skill level 14 in Polearms
 10810 | D:9      | Reached XP level 11. HP: 71/86 MP: 11/11
 10975 | D:9      | Found a glowing golden altar of the Shining One.
 11336 | D:9      | Found a white marble altar of Elyvilon.
 11412 | D:9      | Identified the ring of Wiub {Wiz rPois rN+ Will++ Dex-5}
 11625 | D:9      | Found a radiant altar of Vehumet.
 11924 | D:10     | Entered Level 10 of the Dungeon
 11983 | D:10     | Reached skill level 15 in Polearms
 12218 | D:10     | Found a hide-covered altar of Uskayaw.
 13415 | D:11     | Noticed a manticore
 13432 | D:11     | Killed a manticore
 13679 | D:11     | Noticed a cyclops
 13687 | D:11     | Killed a cyclops
 14230 | D:11     | Noticed a brown ugly thing
 14252 | D:11     | Killed a brown ugly thing
 14509 | D:12     | Noticed a manticore
 14532 | D:12     | Killed a manticore
 14533 | D:12     | Reached skill level 10 in Shields
 14533 | D:12     | Reached XP level 12. HP: 10/93 MP: 12/12
 14535 | D:12     | Slain by an acid dragon

Illustrated notes

Levels and vault maps discovered:
D:1:      sevenhm_arrival_forest_fort_large_2, layout_basic,
          hellmonk_ecumenical_altar_leap_of_faith
D:2:      layout_basic
D:3:      layout_basic, minmay_distorted
D:4:      layout_basic, amcnicky_altar_gilded, gammafunk_ghost_smash,
          kennysheep_generic_room_10
D:5:      layout_loops_ring, mainiacjoe_overflow_24_doors
D:6:      layout_basic, mainiacjoe_overflow_cross_hatched, marbit_many_paths
D:7:      layout_basic, nicolae_overflow_crystal_walls,
          minmay_temple_entry_gardened_gates, serial_shops,
          nicolae_shop_bloodbath_and_beyond, nicolae_shop_vocational
D:8:      layout_basic, dpeg_lair_monsters, uniq_pikel, uniq_psyche, uniq_maggie
D:9:      layout_basic, nicolae_elyvilon_peaceful_grove,
          nicolae_overflow_hidden_temple, old_standard_altar
D:10:     layout_roguey, nicolae_uskayaw_dance_hall
D:11:     layout_roguey, nrook_guardian_serpent_ordinary
D:12:     layout_big_octagon, david_orc_4, nicolae_ru_the_path_less_chosen,
          uniq_josephine

Skill      XL: |  1  2  3  4  5  6  7  8  9 10 11 |
---------------+----------------------------------+-----
Dodging        | 3 6 8 |  8.0
Armour         | 2 3 5 6 |  6.0
Fighting       | 4 6 8 |  8.2
Polearms       | 5 6 8 10 11 12 14 15 | 15.0
Shields        | 3 5 10 | 10.0

Action                   |  1- 3 |  4- 6 |  7- 9 | 10-12 || total
-------------------------+-------+-------+-------+-------++-------
Melee: Spear             |   136 |   166 |    14 |       ||   316
       Punch             |     1 |       |     5 |     2 ||     8
       Trident           |       |       |   302 |   507 ||   809
Invok: Berserk           |     1 |     5 |    10 |    17 ||    33
       Trog's Hand       |       |       |     2 |     2 ||     4
Evoke: Wand              |       |       |       |     3 ||     3
  Use: Scroll            |     4 |     3 |     2 |    12 ||    21
       Potion            |       |       |     1 |     3 ||     4
 Stab: Sleeping          |       |     4 |       |       ||     4
       Invisible         |       |       |     2 |       ||     2
Armor: Animal skin       |    11 |    13 |       |       ||    24
       Chain mail        |       |       |    93 |   155 ||   248
Dodge: Dodged            |    74 |    92 |    81 |   123 ||   370
Block: Other             |     8 |     2 |    32 |    49 ||    91
       Reflection        |     2 |       |     2 |     4 ||     8
       Tower shield      |       |       |       |   263 ||   263
